Map: Terraform LE (Void)

Players

Nerchio - Winner!

  • Race: Zerg Zerg
  • League: Diamond

whaleslapper

  • Race: Terran Terran
  • League: Grandmaster

Event: Lycan League Weekly August #3

VOD

Have the link to the VOD?

Description

Time

  • Played on: Aug. 17, 2015, 1:33 p.m.
  • Length: 8:23

All games in this series

Show
View Real Time Build Order
Export as new Build Order

Nerchio Zerg - Winner!

Build Orders: Hatch First 

Get SALT Encoding   

  12  0:01  Drone  
  13  0:13  Overlord  
  13  0:17  Drone  
  14  0:31  Drone x2  
  14  0:35  Drone  
  17  0:53  Hatchery  
  17  0:55  Drone  
  17  1:00  Drone, Extractor  
  17  1:15  Spawning Pool  
  17  1:18  Drone  
  17  1:21  Drone  
  18  1:29  Drone  
  19  1:39  Overlord  
  19  1:50  Drone  
  20  2:02  Zergling x2  
  20  2:03  Metabolic Boost  
  20  2:04  Queen  
  20  2:06  Queen  
  25  2:10  Zergling x2  
  25  2:13  Drone  
  27  2:18  Drone  
  28  2:23  Drone  
  28  2:29  Drone  
  30  2:35  Drone  
  31  2:40  Overlord  
  31  2:42  Queen  
  33  2:57  Drone  
  34  3:01  Hatchery  
  34  3:02  Drone x2  
  34  3:04  Drone  
  36  3:08  Zergling x2  
  36  3:10  Zergling x2  
  38  3:16  Drone x3  
  41  3:21  Overlord  
  41  3:26  Drone x2  
  43  3:29  Drone  
  43  3:31  Overlord  
  44  3:38  Overlord  
  45  3:41  Drone x2  
  45  3:43  Drone  
  47  3:49  Drone  
  47  3:51  Drone  
  47  3:54  Drone  
  47  3:55  Drone  
  51  3:57  Drone, Roach Warren  
  51  4:00  Drone x2  
  53  4:03  Drone  
  53  4:05  Drone  
  53  4:06  Extractor  
  53  4:07  Drone  
  55  4:13  Drone x2  
  55  4:14  Overlord  
  57  4:21  Drone x2  
  58  4:26  Overlord  
  58  4:33  Drone  
  58  4:34  Overlord  
  58  4:37  Roach x5  
  67  4:40  Roach  
  67  4:41  Roach  
  67  4:45  Roach  
  72  4:46  Roach  
  72  4:50  Roach x2  
  78  4:59  Zergling x2  
  82  5:00  Zergling x6  
  82  5:03  Overlord  
  82  5:05  Drone  
  82  5:06  Drone x2  
  85  5:10  Extractor  
  85  5:12  Zergling x2  
  85  5:13  Zergling x10  
  90  5:21  Zergling x2  
  90  5:22  Zergling x2  
  90  5:26  Ravager  
  90  5:27  Zergling x4  
  90  5:28  Zergling x6  
  98  5:30  Ravager  
  98  5:31  Ravager  
  98  5:34  Zergling x4  
  98  5:44  Zergling x10  
  93  5:54  Ravager x2  
  93  5:56  Drone x4  
  93  5:57  Drone x3  
  97  6:01  Lair  
  99  6:09  Drone x2  
  99  6:10  Drone x4  
  105  6:13  Hatchery  
  100  6:20  Drone x4  
  95  6:28  Drone  
  90  6:34  Drone  
  90  6:36  Drone  
  90  6:37  Drone  
  90  6:38  Drone  
  88  6:43  Overlord  
  88  6:44  Extractor  
  88  6:46  Extractor  
  84  6:47  Overlord  
  84  6:48  Hatchery  
  84  6:50  Roach x6  
  95  6:56  Evolution Chamber  
  95  6:59  Evolution Chamber  
  95  7:00  Roach x3  
  97  7:06  Drone x2  
  99  7:09  Drone  
  99  7:13  Infestation Pit  
  99  7:14  Drone x4  
  99  7:15  Drone x2  
  105  7:21  Overlord  
  105  7:25  Zergling x2  
  105  7:26  Zergling x12  
  105  7:28  Zergling x2  
  113  7:33  Zergling x4  
  115  7:45  Zergling x2  
  115  7:46  Zergling x8  
  113  7:58  Drone x2  
  113  7:59  Drone x3  
  113  8:00  Spore Crawler, Zergling x2  
  113  8:01  Zergling x10  
  122  8:16  Spore Crawler  
Show
View Real Time Build Order
Export as new Build Order

whaleslapper Terran 

Build Orders: Liberator Opening, Reaper Expand 

Get SALT Encoding   

  12  0:01  SCV  
  13  0:13  SCV  
  14  0:20  Supply Depot  
  14  0:25  SCV  
  15  0:42  SCV  
  16  0:43  Barracks  
  16  0:46  Refinery  
  16  0:54  SCV  
  17  1:06  SCV  
  18  1:21  SCV  
  19  1:30  Reaper  
  20  1:34  Orbital Command  
  20  1:40  Command Center  
  20  1:49  Supply Depot  
  20  2:00  SCV  
  21  2:09  Barracks Reactor  
  21  2:12  SCV  
  22  2:24  SCV, Factory  
  23  2:45  Marine x2  
  23  2:47  SCV  
  23  2:48  Command Center  
  26  2:54  Orbital Command  
  26  2:59  SCV  
  26  3:01  Bunker  
  29  3:12  Starport  
  27  3:13  Refinery  
  27  3:14  SCV  
  28  3:20  SCV  
  28  3:22  Hellion  
  28  3:26  SCV  
  32  3:28  Hellion  
  32  3:32  SCV  
  35  3:38  SCV, Barracks Tech Lab  
  36  3:44  SCV  
  36  3:46  Hellion  
  39  3:50  SCV, Hellion  
  42  3:56  SCV  
  42  3:57  Liberator  
  42  4:01  Orbital Command  
  43  4:05  SCV  
  43  4:07  Hellion  
  43  4:08  SCV  
  47  4:11  Hellion  
  47  4:12  Armory  
  52  4:17  SCV  
  52  4:21  SCV  
  54  4:29  Hellion  
  54  4:31  Supply Depot  
  56  4:32  Hellion  
  56  4:33  SCV  
  56  4:34  SCV  
  58  4:43  Liberator  
  58  4:45  SCV  
  59  4:46  SCV, Refinery  
  59  4:47  Refinery  
  59  4:52  Supply Depot  
  60  4:57  SCV  
  60  4:58  SCV  
  60  4:59  Barracks Tech Lab  
  62  5:00  Orbital Command  
  62  5:02  Hellion  
  62  5:04  Hellion  
  69  5:14  SCV x2  
  71  5:15  Supply Depot  
  68  5:24  Marine  
  68  5:26  SCV x2, Stimpack, Liberator  
  71  5:31  SCV  
  71  5:34  Barracks  
  71  5:35  Factory Reactor, Barracks  
  72  5:38  SCV x2  
  74  5:43  SCV  
  76  5:50  SCV x2  
  76  5:56  SCV, Marauder  
  76  5:59  Barracks  
  76  6:00  Barracks  
  76  6:02  SCV x2  
  78  6:09  Liberator  
  79  6:11  SCV  
  76  6:24  Hellion  
  76  6:25  Hellion  
  69  6:26  SCV  
  64  6:40  Barracks Reactor, Marine x2  
  64  6:42  SCV x3  
  59  6:51  Liberator  
  55  6:54  SCV x2, Barracks Reactor x2  
  55  6:55  SCV, Marine  
  55  6:58  Marine x2  
  60  7:06  SCV  
  60  7:07  SCV x2, Barracks x2  
  63  7:09  Barracks  
  63  7:13  Marine  
  67  7:18  SCV  
  67  7:19  SCV, Supply Depot  
  67  7:20  Supply Depot  
  67  7:22  Factory Reactor, Marine x2  
  71  7:28  SCV  
  72  7:30  SCV, Marine  
  72  7:40  SCV  
  72  7:42  Marine x2  
  72  7:43  Marine x2  
  76  7:45  SCV  
  76  7:46  SCV  
  73  7:53  SCV  
  73  7:57  SCV  
  66  7:59  SCV  
  66  8:01  Marine  
  66  8:02  Marine x3  
  66  8:05  SCV, Marine  
  65  8:09  SCV  

Tags
 
Add a new tag
Caveats
  • Supply blocks, unpowered buildings, or Contaminate may cause inaccurate times.
  • Supply counts are checked every 10 seconds.